 Dungeon Crawl Stone Soup version 0.31.0-32-g396128a36d (webtiles) character file.

Game seed: 9831962478706700595

61 PaiMei the Grave Robber (level 3, 0/26 HPs)
             Began as a Demonspawn Necromancer on Mar 28, 2024.
             Slain by an adder (2 damage)
             ... on level 2 of the Dungeon.
             The game lasted 00:02:30 (2095 turns).

PaiMei the Grave Robber (Demonspawn Necromancer)    Turns: 2095, Time: 00:02:30

Health: 0/26       AC:  2    Str: 14    XL:     3   Next: 83%
Magic:  1/6        EV: 12    Int: 20    God:
Gold:   124        SH:  0    Dex: 13    Spells: 3/7 levels left

rFire   . . .        n - +6 spear of Accord {freeze, rC+ Int+3}
rCold   + . .        (no shield)
rNeg    . . .        a - +0 robe
rPois   .            (no helmet)
rElec   .            (no cloak)
rCorr   .            (no gloves)
SInv    .            (no boots)
Will    .....        (no amulet)
Stlth   ++           i - +6 ring of strength
HPRegen 0.24/turn    (no ring)
MPRegen 0.10/turn

%: no passive effects
@: no status effects
A: hooves 1
a: no special abilities


You were on level 2 of the Dungeon.
You visited 1 branch of the dungeon, and saw 3 of its levels.

You collected 124 gold pieces.

Inventory:

Hand Weapons
 f - a +0 short sword
 j - a +2 dagger of draining
 n - the +6 spear of Accord (weapon) {freeze, rC+ Int+3}
   (You found it on level 2 of the Dungeon)

   Int+3:     It affects your intelligence (+3).
   rC+:       It protects you from cold.
Armour
 a - a +0 robe (worn)
 l - a +0 kite shield
Jewellery
 i - a +6 ring of strength (left hand)
Scrolls
 c - 6 scrolls of identify {unknown}
 d - a scroll of torment {unknown}
 g - a scroll of fear {unknown}
 m - a scroll of enchant weapon {unknown}
Potions
 b - 3 potions of magic
 e - 2 potions of curing
 h - a potion of haste {unknown}
 k - a potion of heal wounds {unknown}


   Skills:
 + Level 1.1 Fighting
 + Level 2.4 Dodging
 - Level 2.0 Stealth
 + Level 2.6 Spellcasting
 + Level 4.8 Necromancy


You had 3 spell levels left.
You knew the following spells:

 Your Spells              Type           Power      Damage    Failure   Level
a - Necrotise             Necr           88%        1d8       1%          1
b - Vampiric Draining     Necr           22%        2d7       6%          3

Your spell library contained the following spells:

 Spells                   Type           Power      Damage    Failure   Level
 Animate Dead             Necr           22%        N/A       21%         4
 Curse of Agony           Necr           22%        N/A       50%         5
 Summon Forest            Summ/Tloc      1%         N/A       99%         5
 Summon Mana Viper        Hex/Summ       2%         N/A       99%         5
 Summon Cactus Giant      Summ           1%         N/A       100%        6


Dungeon Overview and Level Annotations

Branches:
Dungeon (3/15)

Altars:


Innate Abilities, Weirdness & Mutations

You have large cloven feet.


Message History

You are poisoned.
The adder poisons you!
You feel sick. The adder attacks as it pursues you! The adder bites you.
The rat bites you but does no damage.
You feel sick. The adder attacks as it pursues you!
The adder barely misses you.
The giant cockroach bites you but does no damage.
The rat barely misses you.
You feel sick. The adder attacks as it pursues you!
The adder bites you but does no damage.
The giant cockroach bites you but does no damage.
You feel sick. The adder attacks as it pursues you! The adder bites you.
The adder closely misses you.
You feel sick. The adder attacks as it pursues you!
The adder bites you but does no damage. The rat closely misses you.
There is a stone staircase leading up here.
You feel sick.
You are no longer poisoned.
The adder hisses angrily.
The adder completely misses you. The rat bites you.
* * * LOW HITPOINT WARNING * * *
You climb upwards.
Reactivating autopickup.
There is a stone staircase leading down here.
Casting: Necrotise (safe; 1% risk of failure)
Confirm with . or Enter, or press ? or * to list all spells.
Aiming: Necrotise (safe; 1% risk of failure)
Press: ? - help, Shift-Dir - straight line, f - adder
Aim: an adder (chance to affect: 86%)
The adder writhes in agony.
The adder bites you.
* * * LOW HITPOINT WARNING * * *
The rat closely misses you.
Casting: Necrotise (safe; 1% risk of failure)
Confirm with . or Enter, or press ? or * to list all spells.
Aiming: Necrotise (safe; 1% risk of failure)
Press: ? - help, Shift-Dir - straight line, f/p - adder
Aim: an adder (lightly wounded, chance to affect: 86%)
The adder writhes in agony.
The adder bites you but does no damage. The rat misses you.
The adder bites you.
You die...

#....#########.#
#.##.#.....#...#
#.#..#>###.#.#########
.......#.#.#..#......#
##....<..#.#..#.####.#####
#....####.#..#....#.#...#
##'#....#.#.#####.#.#.#.#
#.#.##.#.#...r.#.#.#.#.####
#.#.##.#.#..#S@..#.#......#
#...##.#.#..#..###.#.†###.#
######.#.#..#....#.##.#.###
###
#.#.####.####....#.#8###8#
#.#.##...# ######........
####.#.##.### #........
#....#.##.# #.#######
#.####.##.####### #[# #
#.#....##.......## #.#### #


You could see an adder and a rat.

Vanquished Creatures
  3 adders (D:2)
  2 orcs (D:3)
  2 endoplasms
  2 giant cockroaches
  5 hobgoblins
  A quokka (D:1)
  4 ball pythons
  2 bats (D:1)
  2 frilled lizards (D:1)
  5 kobolds
  5 rats
33 creatures vanquished.

Vanquished Creatures (collateral kills)
  A goblin (D:1)
1 creature vanquished.

Grand Total: 34 creatures vanquished

Notes
Turn   | Place    | Note
-------+----------+-------------------------------------------
     0 | D:1      | PaiMei the Demonspawn Necromancer began the quest for the
                  | Orb.
     0 | D:1      | Reached XP level 1. HP: 13/13 MP: 3/3
   155 | D:1      | Gained mutation: You have large cloven feet. [demonic
                  | ancestry]
   155 | D:1      | Reached XP level 2. HP: 7/19 MP: 0/5
  1407 | D:2      | Reached XP level 3. HP: 25/25 MP: 4/6
  1411 | D:2      | Learned a level 3 spell: Vampiric Draining
  1718 | D:2      | Identified the +6 spear of Accord {freeze, rC+ Int+3}
  1825 | D:2      | Reached skill level 1 in Fighting
  2066 | D:3      | Noticed a sky beast
  2095 | D:2      | Slain by an adder

Illustrated notes

Levels and vault maps discovered:
D:1:      psy_arrival_heroes, layout_loops_ring, serial_forest,
          infiniplex_forest_clump_tiny, infiniplex_forest_end_3,
          infiniplex_forest_lined_4_way, infiniplex_forest_end_3,
          infiniplex_forest_zigzag_2, infiniplex_forest_join,
          infiniplex_forest_diagonal
D:2:      layout_basic, serial_corexii_hall, corexii_hall_statues_i,
          chequers_hall_statues_corner_a
D:3:      layout_loops_ring, marbit_many_paths, ebering_dispersal_statue_hall,
          st_stairs_10, minmay_vboxes

Skill      XL: |  1  2  3 |
---------------+----------+-----
Stealth        | 2 |  2.0
Dodging        | 2 |  2.4
Fighting       | 1 |  1.1
Spellcasting   | |  2.6
Necromancy     | |  4.8

Action                     || total
---------------------------++-------
  Melee: Unarmed           ||     8
         Short sword       ||     6
         Dagger            ||     2
         Spear             ||     1
         Kick              ||     1
   Cast: Necrotise         ||    59
    Use: Potion            ||     1
 Armour: Robe              ||    35
  Dodge: Dodged            ||    37
